 Dungeon Crawl Stone Soup version 0.24-a0-335-g06ca16a (webtiles) character file.

Game seed: 846782930423008074

147 Borgoz the Twirler (level 5, -1/32 HPs)
             Began as a Gargoyle Gladiator on May 19, 2019.
             Slain by an iguana (10 damage)
             ... on level 3 of the Dungeon.
             The game lasted 00:02:57 (1535 turns).

Borgoz the Twirler (Gargoyle Gladiator)             Turns: 1535, Time: 00:02:57

Health: -1/32      AC:  8    Str: 18    XL:     5   Next: 29%
Magic:  5/5        EV: 13    Int:  8    God:
Gold:   114        SH:  0    Dex: 12    Spells: 4/4 levels left

rFire    . . .     SeeInvis .   a - +0 quarterstaff
rCold    . . .     Gourm    .   (shield currently unavailable)
rNeg     + . .     Faith    .   b - +0 leather armour
rPois    ∞         Spirit   .   c - +0 helmet
rElec    +         Reflect  .   (no cloak)
rCorr    .         Harm     .   (no gloves)
MR       .....                  (no boots)
Stlth    +.........             (no amulet)
HPRegen  0.10/turn              (no ring)
MPRegen  0.09/turn              (no ring)

@: no status effects
A: negative energy resistance 1, electricity resistance, unbreathing,
petrification resistance, rot immunity, AC +4
a: no special abilities


You were on level 3 of the Dungeon.
You were not hungry.

You visited 1 branch of the dungeon, and saw 3 of its levels.

You collected 114 gold pieces.

Inventory:

Hand Weapons
 a - a +0 quarterstaff (weapon)
Missiles
 d - 3 throwing nets (quivered)
Armour
 b - a +0 leather armour (worn)
 c - a +0 helmet (worn)
Jewellery
 n - an uncursed ring of poison resistance {unknown}
Scrolls
 g - a scroll of fog {unknown}
 i - a scroll of identify {unknown}
 k - a scroll of fear {unknown}
 m - a scroll of enchant armour {unknown}
Potions
 e - 3 potions of curing {unknown}
 h - a potion of ambrosia {unknown}
 l - a potion of might {unknown}
Comestibles
 f - 4 rations
 j - 11 chunks of flesh


   Skills:
 + Level 3.1 Fighting
 * Level 4.1 Staves
 - Level 1.8 Throwing
 + Level 1.7 Armour
 * Level 3.4 Dodging


You had 4 spell levels left.
You didn't know any spells.
Your spell library was empty.

Dungeon Overview and Level Annotations

Branches:
Dungeon (3/15)

Altars:
Trog


Innate Abilities, Weirdness & Mutations

You are resistant to torment.
Your stone body is resilient. (AC +4)
You are immune to poison.
You resist negative energy. (rN+)
You are resistant to electric shocks. (rElec)
You can survive without breathing.
You are immune to petrification.
You are immune to rotting.


Message History

The iguana is heavily wounded.
The iguana misses you.
You hit the iguana.
The iguana is heavily wounded.
The iguana bites you.
You closely miss the iguana.
The iguana is heavily wounded.
The iguana bites you but does no damage.
The iguana bites you!
* * * LOW HITPOINT WARNING * * *
You are too injured to fight recklessly!
You are too injured to fight recklessly!
You are too injured to fight recklessly!
You hit the iguana.
The iguana is severely wounded.
The iguana closely misses you.
You barely miss the iguana.
The iguana is severely wounded.
The iguana bites you!
You die...

#...#######..####.#
###[#..........####.###
....)................>.
#.....#.#.##....#####.#
..........##....#
....#..<#....)..##
....#...#.###..$.#
....#.#)#.# #....#
......#(#.# #..)@#
...####.#.# #..l†#
..........# #......
#######.#######......
............# #.......#
#######.###.###........
# #.........##........
# #...÷.....##........
#..).........#


You could see an iguana.

Vanquished Creatures
  An orc wizard (D:3)
  3 adders
  2 oozes
  2 worms (D:3)
  A dart slug (D:2)
  2 orcs (D:3)
  A ball python (D:2)
  6 giant cockroaches
  4 goblins (D:2)
  7 hobgoblins
  12 jackals
  A quokka (D:3)
  4 bats
  7 frilled lizards
  11 kobolds
  13 rats
77 creatures vanquished.

Notes
Turn   | Place    | Note
-------+----------+-------------------------------------------
     0 | D:1      | Borgoz the Gargoyle Gladiator began the quest for the Orb.
     0 | D:1      | Reached XP level 1. HP: 12/12 MP: 1/1
   113 | D:1      | Reached XP level 2. HP: 15/18 MP: 2/2
   332 | D:1      | Reached XP level 3. HP: 13/22 MP: 3/3
   625 | D:1      | Reached skill level 1 in Armour
   942 | D:2      | Reached XP level 4. HP: 17/27 MP: 4/4
   973 | D:2      | Found a bloodstained altar of Trog.
  1509 | D:3      | Reached skill level 4 in Staves
  1509 | D:3      | Reached XP level 5. HP: 28/32 MP: 5/5
  1535 | D:3      | Slain by an iguana

Levels and vault maps discovered:
D:1:      minmay_arrival_five_plusses, layout_basic,
          minmay_misc_feat_secret_circle, serial_park_tiny_2
D:2:      layout_rooms, bloody_trog
D:3:      layout_basic, lemuel_round_altar

Skill      XL: |  1  2  3  4 |
---------------+-------------+-----
Armour         | 1 |  1.7
Dodging        | 3 |  3.4
Fighting       | 3 |  3.1
Staves         | 4 |  4.1
Throwing       | |  1.8

Action                   |  1- 3 |  4- 6 || total
-------------------------+-------+-------++-------
Melee: Quarterstaff      |   126 |   107 ||   233
 Stab: Sleeping          |       |     1 ||     1
  Eat: Chunk             |       |     2 ||     2
Armor: Leather armour    |    61 |    33 ||    94
Dodge: Dodged            |   100 |    88 ||   188

Table legend:
 A = Non-vault XP
 B = Vault XP
 C = Vault XP percentage of total XP
 D = Non-vault monster count
 E = Vault monster count
 F = Vault count percentage of total count
                 A         B        C        D         E       F
            +---------+---------+-------+---------+---------+-------
      Total |     210 |       0 |   0.0 |      77 |       0 |   0.0
            +---------+---------+-------+---------+---------+-------
        D:1 |      62 |       0 |   0.0 |      38 |       0 |   0.0
        D:2 |      59 |       0 |   0.0 |      19 |       0 |   0.0
        D:3 |      89 |       0 |   0.0 |      20 |       0 |   0.0
            +---------+---------+-------+---------+---------+-------
